 Dungeon Crawl Stone Soup version 0.31-a0-188-g5e087ee2ca (webtiles) character file.

Game seed: 18050557764386986561

88 qw the Shooter (level 4, -1/25 HPs)
             Began as a Deep Elf Hunter on June 23, 2023.
             Slain by a hobgoblin (4 damage)
             ... led by Robin
             ... on level 3 of the Dungeon.
             The game lasted 00:00:34 (1240 turns).

qw the Shooter (Deep Elf Hunter)                    Turns: 1240, Time: 00:00:34

Health: -1/25      AC:  5    Str: 10    XL:     4   Next: 29%
Magic:  6/6        EV: 11    Int: 14    God:
Gold:   62         SH:  0    Dex: 18    Spells: 3/3 levels left

rFire   . . .        Y - +1 shortbow
rCold   . . .        (shield currently unavailable)
rNeg    . . .        i - +0 ring mail
rPois   .            (no helmet)
rElec   .            (no cloak)
rCorr   .            (no gloves)
SInv    .            (no boots)
Will    .....        (no amulet)
Stlth   +            (no ring)
HPRegen 0.24/turn    (no ring)
MPRegen 0.10/turn

%: no passive effects
@: no status effects
A: no striking features
a: no special abilities


You were on level 3 of the Dungeon.
You visited 1 branch of the dungeon, and saw 3 of its levels.

You collected 62 gold pieces.


   Skills:
 - Level 1.5 Fighting
 + Level 7.7 Ranged Weapons
 - Level 2.4 Dodging
 - Level 1.2 Stealth


You had 3 spell levels left.
You didn't know any spells.
Your spell library was empty.

Inventory:

Hand Weapons
 Y - a +1 shortbow (weapon)
Armour
 i - a +0 ring mail (worn)
Scrolls
 a - a scroll of identify
Potions
 d - a potion of haste
 e - a potion of mutation {unknown}
 h - a potion of might
 j - a potion of degeneration {unknown}

Dungeon Overview and Level Annotations

Branches:
Dungeon (3/15)

Altars:
Sif Muna


Message History

Robin is almost dead.
Robin hits you with a +0 short sword.
You shoot an arrow. The arrow barely misses Robin.
The arrow hits the goblin.
The goblin is severely wounded.
Robin roars a battlecry!
A hobgoblin comes into view.
You hear a shout!
You shoot an arrow. The arrow hits Robin.
You kill Robin!
The goblin hits you with a +0 dagger.
A hobgoblin comes into view.
You shoot an arrow. The arrow hits the goblin!
You kill the goblin!
The goblin hits you but does no damage.
You shoot an arrow.
The arrow hits the goblin but does no damage.
The goblin barely misses you.
You shoot an arrow. The arrow hits the goblin.
The goblin is moderately wounded.
The goblin hits you with a +0 dagger. x2
You shoot an arrow. The arrow hits the goblin.
The goblin is heavily wounded.
The goblin hits you but does no damage.
You shoot an arrow. The arrow barely misses the goblin.
The goblin hits you with a +0 dagger. x2; The hobgoblin barely misses you.
You shoot an arrow. The arrow hits the goblin!
You kill the goblin!
The goblin barely misses you. The hobgoblin closely misses you. x2
You shoot an arrow.
The arrow hits the hobgoblin but does no damage.
The goblin barely misses you. The hobgoblin hits you. The hobgoblin misses you.
The hobgoblin barely misses you. The goblin hits you with a +0 dagger.
The hobgoblin hits you.
You shoot an arrow. The arrow hits the hobgoblin.
You kill the hobgoblin!
The goblin no longer looks unusually strong.
The goblin hits you with a +0 dagger. The hobgoblin barely misses you.
You shoot an arrow. The arrow closely misses the hobgoblin.
The goblin barely misses you. The hobgoblin hits you.
You die...

#########..
##.....#.....#
##.............
#..........)...
#..............
#...........).)
#..........>...
#....<..%....<.
#......@)..))..
##.....gg......
##.....#.....#
#############


You could see a hobgoblin (strong) and a goblin.

Vanquished Creatures
  Robin (D:3)
  2 adders (D:2)
  2 dart slugs (D:1)
  2 worms (D:2)
  An orc (D:3)
  5 bats
  4 endoplasms
  A giant cockroach (D:2)
  11 goblins
  3 hobgoblins
  2 quokkas (D:1)
  5 ball pythons
  3 frilled lizards
  3 kobolds
  7 rats
52 creatures vanquished.

Notes
Turn   | Place    | Note
-------+----------+-------------------------------------------
     0 | D:1      | qw the Deep Elf Hunter began the quest for the Orb.
     0 | D:1      | Reached XP level 1. HP: 12/12 MP: 3/3
     0 | D:1      | 0 ||| qw: Version: 0.3-a-9-g12657ce
     0 | D:1      | 0 ||| qw: Game counter: 3118
     0 | D:1      | 0 ||| qw: Always use a shield: true
     0 | D:1      | 0 ||| qw: God list: Okawaru
     0 | D:1      | 0 ||| qw: Allow faded altars: false
     0 | D:1      | 0 ||| qw: Do Orc after D:15 true
     0 | D:1      | 0 ||| qw: Do second Lair branch before Depths: true
     0 | D:1      | 0 ||| qw: Lair rune preference: random
     0 | D:1      | 0 ||| qw: Plans: Normal
     0 | D:1      | 0 ||| PLANNING D:1-11
   108 | D:1      | Reached skill level 6 in Ranged Weapons
   108 | D:1      | Reached XP level 2. HP: 12/16 MP: 4/4
   700 | D:1      | 700 ||| DROPPING +6 ring of intelligence.
   701 | D:1      | 701 ||| READING scroll labelled IDEGOC ITOUNUM.
   704 | D:1      | 704 ||| READING scroll labelled RURCHA EBEVIPT.
   705 | D:1      | 705 ||| READING scroll labelled MET SITHAE.
   706 | D:1      | 706 ||| DROPPING scroll of butterflies.
   724 | D:2      | Found a shimmering blue altar of Sif Muna.
   726 | D:2      | Reached XP level 3. HP: 20/20 MP: 5/5
   836 | D:2      | Reached skill level 7 in Ranged Weapons
  1075 | D:2      | 1075 ||| UPGRADING to +0 ring mail.
  1085 | D:2      | 1085 ||| DROPPING +0 leather armour.
  1086 | D:2      | 1086 ||| READING 3 scrolls labelled TEPTOTTOTI.
  1087 | D:2      | 1087 ||| READING scroll labelled POOSSA DEUR.
  1088 | D:2      | 1088 ||| READING scroll labelled CYEFEPIK LENISH.
  1089 | D:2      | 1089 ||| READING 2 scrolls labelled LOETIUMUNIU.
  1190 | D:2      | 1190 ||| DRINKING 2 lumpy dark potions.
  1191 | D:2      | 1191 ||| READING 2 scrolls of identify.
  1191 | D:2      | 1191 ||| IDENTIFYING grey potion
  1192 | D:2      | 1192 ||| DROPPING scroll of silence.
  1218 | D:3      | Reached XP level 4. HP: 25/25 MP: 6/6
  1222 | D:3      | Noticed Robin
  1231 | D:3      | Killed Robin
  1238 | D:3      | HP: 5/25 [goblin/+0 dagger[Robin] (5)]
  1240 | D:3      | Slain by a hobgoblin

Levels and vault maps discovered:
D:1:      amcnicky_arrival_flooded_fountain, layout_basic
D:2:      layout_rooms, basic_altar, minmay_misc_feat_square, st_stairs_8
D:3:      layout_rooms, minmay_divided_ellipse, uniq_jessica, uniq_robin,
          uniq_grinder

Skill      XL: |  1  2  3 |
---------------+----------+-----
Ranged Weapons | 6 7 |  7.7
Fighting       | |  1.5
Dodging        | |  2.4
Stealth        | |  1.2

Action                     |  1- 3 |  4- 6 || total
---------------------------+-------+-------++-------
   Fire: Shortbow          |   100 |    21 ||   121
    Use: Scroll            |     8 |       ||     8
         Potion            |     1 |       ||     1
 Armour: Leather armour    |     3 |       ||     3
         Ring mail         |       |     2 ||     2
  Dodge: Dodged            |     4 |    10 ||    14

Table legend:
 A = Non-vault XP
 B = Vault XP
 C = Vault XP percentage of total XP
 D = Non-vault monster count
 E = Vault monster count
 F = Vault count percentage of total count
                 A         B        C        D         E       F
            +---------+---------+-------+---------+---------+-------
      Total |      94 |      32 |  25.4 |      44 |       8 |  15.4
            +---------+---------+-------+---------+---------+-------
        D:1 |      40 |       0 |   0.0 |      25 |       0 |   0.0
        D:2 |      49 |       5 |   9.3 |      17 |       1 |   5.6
        D:3 |       5 |      27 |  84.4 |       2 |       7 |  77.8
            +---------+---------+-------+---------+---------+-------
